 Dungeon Crawl Stone Soup version 0.30-b1-2-g02819fbbbe (webtiles) character file.

Game seed: 15052651853454867949

3 Alarkh the Insei (level 1, -1/15 HPs)
             Began as a Demonspawn Transmuter on July 6, 2023.
             Slain by a kobold
             ... wielding a +0 whip
              (5 damage)
             ... on level 1 of the Dungeon.
             The game lasted 00:00:05 (106 turns).

Alarkh the Insei (Demonspawn Transmuter)             Turns: 106, Time: 00:00:06

Health: -1/15      AC:  2    Str: 10    XL:     1   Next: 41%
Magic:  3/3        EV: 12    Int: 14    God:
Gold:   4          SH:  0    Dex: 13    Spells: 3/4 levels left

rFire   . .          .
                       - Unarmed
rCold   . . .        (no shield)
rNeg    . . .        a - +0 robe
rPois   .            (no helmet)
rElec   .            (no cloak)
rCorr   .            (no gloves)
SInv    .            (no boots)
Will    .....        (no amulet)
Stlth   +            (no ring)
HPRegen 0.22/turn    (no ring)
MPRegen 0.08/turn

%: no passive effects
@: no status effects
A: no striking features
a: no special abilities


You were on level 1 of the Dungeon.
You visited 1 branch of the dungeon, and saw 1 of its levels.

You collected 4 gold pieces.

Inventory:

Armour
 a - a +0 robe (worn)
Scrolls
 e - a scroll of silence {unknown}
Potions
 b - a potion of lignification
 c - a potion of magic {unknown}
 d - a potion of curing {unknown}


   Skills:
 - Level 1.0 Fighting
 - Level 1.7 Dodging
 + Level 2.9 Unarmed Combat
 - Level 2.0 Spellcasting
 - Level 1.7 Transmutations


You had 3 spell levels left.
You knew the following spells:

 Your Spells              Type           Power      Damage    Failure   Level
a - Beastly Appendage     Tmut           12%        N/A       12%         1

Your spell library contained the following spells:

 Spells                   Type           Power      Damage    Failure   Level
 Wereblood                Tmut           6%         N/A       17%         2
 Spider Form              Tmut/Pois      3%         N/A       45%         3
 Ice Form                 Ice/Tmut       3%         N/A       86%         4


Dungeon Overview and Level Annotations

Branches:
Dungeon (1/15)

Altars:


Message History

A hobgoblin is nearby!
A hobgoblin is nearby!
Found 8 gold pieces. 2 jackals come into view.
The jackal barks!
You hit the hobgoblin.
You kill the hobgoblin!
A jackal comes into view.
The jackal barks!
A kobold comes into view. It is wielding a +0 whip.
The jackal bites you but does no damage.
You barely miss the jackal.
The kobold shouts!
Your headbutt misses the jackal. The jackal barely misses you.
You hit the jackal.
You headbutt the jackal, but do no damage.
The jackal is almost dead.
Your horns disappear.
Your talons disappear.
The jackal bites you but does no damage.
The jackal bites you.
You closely miss the jackal.
The jackal is almost dead.
The jackal bites you. The jackal barely misses you. x2
The jackal bites you but does no damage. x2
You barely miss the jackal.
The jackal is severely wounded.
The jackal bites you. The jackal misses you. The jackal bites you.
You barely miss the jackal.
The jackal is severely wounded.
The jackal misses you. The jackal bites you. The jackal completely misses you.
You hit the jackal.
You kill the jackal!
The jackal barely misses you. The jackal closely misses you.
The jackal barely misses you. x2
You completely miss the kobold. The kobold hits you with a +0 whip.
The jackal barely misses you. The jackal closely misses you.
You hit the kobold but do no damage. The jackal bites you. x2
* * * LOW HITPOINT WARNING * * *
The kobold hits you with a +0 whip.
You die...

#.# #.# #.. #.#
#.# .. ... #.#
..... #.# #.#.# #
#.# ##.#$###.###
#.# #...........
#.# #..Khh...#
#.######### #@#
#............##.#
#..#########.##.#
.# #......#
#.##.# .#
##.###.#
#.##.###.#
#.###.##
#.##.....#
#.##.#.##
#.###†...####
#.#.###.###.#
#........ #..##
##....###....####


You could see 2 jackals and a kobold.

Vanquished Creatures
  A hobgoblin (D:1)
  A jackal (D:1)
  A bat (D:1)
3 creatures vanquished.

Notes
Turn   | Place    | Note
-------+----------+-------------------------------------------
     0 | D:1      | Alarkh the Demonspawn Transmuter began the quest for the
                  | Orb.
     0 | D:1      | Reached XP level 1. HP: 15/15 MP: 3/3
   106 | D:1      | Slain by a kobold

Illustrated notes

Levels and vault maps discovered:
D:1:      minmay_arrival_up_and_down, layout_loops_ring, serial_shops,
          nicolae_shop_temple_entry_statues_fountains, shop,
          nicolae_square_shop, nrook_campfire

Action                     || total
---------------------------++-------
  Melee: Unarmed           ||    10
         Headbutt          ||     2
         Punch             ||     1
   Cast: Beastly Appendage ||     1
 Armour: Robe              ||     4
  Dodge: Dodged            ||    13
